 Dungeon Crawl Stone Soup version 0.30-a0-800-g7c544603b3 (webtiles) character file.

Game seed: 10663276108224825356

126 Pimp the Sneak (level 4, 0/23 HPs)
             Began as a Spriggan Brigand on Feb 21, 2023.
             Slain by a gnoll
             ... wielding a +0 flail
              (13 damage)
             ... on level 2 of the Dungeon.
             The game lasted 00:04:05 (1628 turns).

Pimp the Sneak (Spriggan Brigand)                   Turns: 1628, Time: 00:04:05

Health: 0/23       AC:  3    Str:  7    XL:     4   Next: 83%
Magic:  7/7        EV: 18    Int: 12    God:
Gold:   36         SH:  0    Dex: 18    Spells: 6/6 levels left

rFire   . . .      SeeInvis +    a - +2 dagger
rCold   . . .      Faith    .    (no shield)
rNeg    . . .      Spirit   .    b - +0 robe
rPois   .          Reflect  .    (helmet restricted)
rElec   .          Harm     .    c - +0 cloak
rCorr   .          Rampage  .    (gloves unavailable)
Will    .....                    (boots unavailable)
Stlth   ++++                     (no amulet)
HPRegen 0.23/turn                (no ring)
MPRegen 0.10/turn                (no ring)

@: very quick
A: very small, no large weapons, unfitting armour, see invisible, speed 3
a: no special abilities


You were on level 2 of the Dungeon.
You visited 1 branch of the dungeon, and saw 2 of its levels.

You collected 36 gold pieces.

Inventory:

Hand Weapons
 a - a +2 dagger (weapon)
 n - a +1 hand axe of flaming
Missiles
 d - 8 poisoned darts (quivered)
 e - 3 curare-tipped darts
Armour
 b - a +0 robe (worn)
 c - a +0 cloak (worn)
Scrolls
 f - 2 scrolls of vulnerability {unknown}
 h - 3 scrolls of identify {unknown}
 k - a scroll of teleportation {unknown}
 l - a scroll of fog {unknown}
 m - 3 scrolls of poison {unknown}
Potions
 g - a potion of curing
 j - a potion of attraction {unknown}


   Skills:
 + Level 2.2 Fighting
 + Level 3.0 Short Blades
 + Level 2.7 Throwing
 + Level 2.9 Dodging
 + Level 6.5 Stealth
 + Level 1.8 Spellcasting


You had 6 spell levels left.
You didn't know any spells.
Your spell library was empty.

Dungeon Overview and Level Annotations

Branches:
Dungeon (2/15)

Altars:


Innate Abilities, Weirdness & Mutations

You are very small and have problems with some larger weapons.
You are too small for most types of armour.
You have supernaturally acute eyesight. (SInv)
You cover ground extremely quickly. (Speed+++)


Message History

You closely miss the gnoll.
The gnoll is severely wounded.
The gnoll hits you but does no damage.
You hit the gnoll.
You kill the gnoll!
The gnoll completely misses you.
Your Short Blades skill increases to level 3!
You hit the gnoll but do no damage. You barely miss the gnoll.
The gnoll hits you with a +0 flail.
You hit the gnoll.
The gnoll is moderately wounded.
The gnoll barely misses you.
You barely miss the gnoll.
The gnoll is moderately wounded.
The gnoll completely misses you.
You hit the gnoll.
The gnoll is moderately wounded.
The gnoll barely misses you.
You barely miss the gnoll.
The gnoll is moderately wounded.
The gnoll hits you with a +0 flail!
You hit the gnoll.
The gnoll is heavily wounded.
The gnoll misses you.
You barely miss the gnoll.
The gnoll is heavily wounded.
The gnoll barely misses you.
You hit the gnoll.
The gnoll is heavily wounded.
You hit the gnoll but do no damage.
The gnoll is heavily wounded.
The gnoll closely misses you.
Throw: 9 darts (poison)
Press: ? - help, Q - select action, (/) - cycle Shift-Dir - straight line, f - gnoll
Aim: a gnoll, wielding a +0 flail (heavily wounded, 66% to hit)
You throw a poisoned dart.
The poisoned dart closely misses the gnoll.
The gnoll hits you with a +0 flail!
Ouch! That really hurt!
You die...

).....###.....................#
......# #...............##....#
.....####....##.##.)....##....#
#
###........####.#......###....#
#
#........###..#......##########
#.........##..........# #.
#.........#...........# #####.
######....#.#...##....####..#..
##...#.#.@.##......##..#..
#...g.#g).##......##..#..
##..........####...##..... #
#......................... #
#................#........ ##
#.>..............#.....### .##
#......#####.....#.....# ..##
#.(......# #...........# ...##
##.#.....# ###†)...#####


You could see a gnoll.

Vanquished Creatures
  Jessica (D:2)
  3 gnolls (D:2)
  A worm (D:2)
  4 dart slugs
  9 ball pythons (D:1)
  8 endoplasms
  3 giant cockroaches
  4 goblins
  3 hobgoblins
  3 quokkas
  7 bats
  2 frilled lizards
  8 kobolds
  3 rats (D:2)
59 creatures vanquished.

Notes
Turn   | Place    | Note
-------+----------+-------------------------------------------
     0 | D:1      | Pimp the Spriggan Brigand began the quest for the Orb.
     0 | D:1      | Reached XP level 1. HP: 10/10 MP: 2/2
     3 | D:1      | Noticed a draconian
     3 | D:1      | Noticed a spriggan
     5 | D:1      | Noticed a meteoran
     5 | D:1      | Noticed a tengu
     7 | D:1      | Noticed an elf
     7 | D:1      | Noticed a vampire
     9 | D:1      | Noticed a demigod
    11 | D:1      | Noticed a formicid
    11 | D:1      | Noticed a naga
    13 | D:1      | Noticed an armataur
    13 | D:1      | Noticed a human
    15 | D:1      | Noticed a felid
    17 | D:1      | Noticed a minotaur
    19 | D:1      | Noticed a ghoul
    19 | D:1      | Noticed a gargoyle
    21 | D:1      | Noticed a troll
    21 | D:1      | Noticed a merfolk
    23 | D:1      | Noticed an octopode
    23 | D:1      | Noticed a demonspawn
    25 | D:1      | Noticed an ogre
    27 | D:1      | Noticed a minotaur
    27 | D:1      | Noticed a spriggan
   146 | D:1      | Reached skill level 6 in Stealth
   150 | D:1      | Reached XP level 2. HP: 15/15 MP: 3/3
   536 | D:1      | Reached XP level 3. HP: 15/18 MP: 5/5
   668 | D:1      | Reached skill level 1 in Spellcasting
  1179 | D:2      | Noticed Jessica
  1197 | D:2      | Killed Jessica
  1198 | D:2      | Reached XP level 4. HP: 23/23 MP: 5/7
  1628 | D:2      | Slain by a gnoll

Illustrated notes

Levels and vault maps discovered:
D:1:      kb_arrival_jail, layout_loops_corners
D:2:      layout_basic, serial_curves, eino_curves_02, eino_curves_01,
          eino_curves_01, minmay_tripent, uniq_jessica

Skill      XL: |  1  2  3  4 |
---------------+-------------+-----
Stealth        | 6 |  6.5
Dodging        | 2 |  2.9
Spellcasting   | 1 |  1.8
Fighting       | 2 |  2.2
Short Blades   | 3 |  3.0
Throwing       | |  2.7

Action                     |  1- 3 |  4- 6 || total
---------------------------+-------+-------++-------
  Melee: Dagger            |    78 |    40 ||   118
         Punch             |     3 |       ||     3
  Throw: Dart              |       |    13 ||    13
    Use: Potion            |     3 |       ||     3
   Stab: Sleeping          |    25 |     3 ||    28
 Armour: Robe              |     9 |     5 ||    14
  Dodge: Dodged            |    64 |    31 ||    95

Table legend: (Time is in decaauts)
 A = Elapsed time spent in this place.
 B = Non-inter-level travel time spent in this place.
 C = Inter-level travel time spent in this place.
 D = Time resting spent in this place.
 E = Time spent auto-exploring this place.
 F = Levels seen in this place.
 G = Mean time per level.
                   A        B        C        D        E       F      G
               +--------+--------+--------+--------+--------+-----+--------+
         Total |   1067 |   1050 |     17 |      0 |    649 |   2 |  533.5 |
       Dungeon |   1067 |   1050 |     17 |      0 |    649 |   2 |  533.5 |
               +--------+--------+--------+--------+--------+-----+--------+

Top non-repeatable levels by time:
     D:1: 641 daAuts
     D:2: 426 daAuts
